 Dungeon Crawl Stone Soup version 0.20-a0-910-gb611367 (webtiles) character file.

146380 Hook the Warrior (level 16, -5/241 HPs)
             Began as a Minotaur Berserker on Mar 24, 2017.
             Was a High Priest of Trog.
             Killed from afar by an acid blob (13 damage)
             ... with a splash of acid
             ... on level 1 of the Pits of Slime.
             The game lasted 01:56:58 (35606 turns).

Hook the Warrior (Minotaur Berserker)              Turns: 35606, Time: 01:56:59

Health: -5/241     AC:  5    Str: 37      XL:     16   Next: 59%
Magic:  15/15      EV: 13    Int:  2      God:    Trog [*****.]
Gold:   1950       SH:  0    Dex:  8 (10) Spells: 15/15 levels left

rFire    + . .     SeeInvis .   M - +2 battleaxe (freeze)
rCold    . . .     Gourm    .   J - +2 plate armour of Quantum Leap {rElec rC- Str+5}
rNeg     + . .     Faith    .   (shield currently unavailable)
rPois    +         Spirit   .   (helmet restricted)
rElec    +         Reflect  .   N - scarf {rC+ rF+}
rCorr    .         Harm     .   s - +0 pair of gloves
MR       +++..     Rnd*Rage +   a - +0 pair of boots
Stlth    ..........             Z - amulet of magic regeneration
Regen    1.5/turn               q - ring of positive energy
MPRegen  0.3/turn               y - ring of poison resistance

@: berserking, corroded, regenerating, very quick
A: retaliatory headbutt, fangs 2, horns 2, slimy green scales 1, berserk 2,
blurry vision 1, clumsy 1, deformed body, deterioration 2, dopey 1, screaming 1,
sturdy frame 1
}: 1/15 runes: decaying
a: Berserk, Trog's Hand, Brothers in Arms, Burn Spellbooks, Renounce Religion


You were on level 1 of the Pits of Slime.
You worshipped Trog.
Trog was extremely pleased with you.
You were very hungry.

You visited 4 branches of the dungeon, and saw 24 of its levels.

You collected 1950 gold pieces.

Inventory:

Hand Weapons
 h - a +2 antimagic broad axe
 L - a +2 executioner's axe of flaming
 M - a +2 battleaxe of freezing (weapon)
Missiles
 A - a throwing net (quivered)
 K - 4 tomahawks of returning
Armour
 a - a +0 pair of boots (worn)
 g - a +0 large shield
 i - +0 swamp dragon scales
 k - a +2 cloak
 s - a +0 pair of gloves (worn)
 I - the +1 robe of Courage {rPois, unknown}
   (You found it on level 3 of the Swamp)

   It protects you from poison.
 J - the +2 plate armour of Quantum Leap (worn) {rElec rC- Str+5}
   (You found it on level 2 of the Lair of Beasts)

   It affects your strength (+5).
   It makes you vulnerable to cold.
   It insulates you from electricity.
 N - a scarf of resistance (worn)
Jewellery
 m - an uncursed ring of flight
 q - a ring of positive energy (right hand)
 y - a ring of poison resistance (left hand)
 B - an uncursed ring of positive energy
 C - an uncursed ring of see invisible
 R - an uncursed ring of fire
 U - an uncursed ring of magical power
 Z - an amulet of magic regeneration (around neck)
Wands
 b - a wand of paralysis (0/24)
 n - a wand of disintegration (14/24)
 r - a wand of random effects (32/48)
 z - a wand of random effects (32/48)
 Q - a wand of flame (17/48)
 T - a wand of confusion (26/48)
 V - a wand of clouds (4/9)
Scrolls
 d - 2 scrolls of fog
 e - 9 scrolls of remove curse
 f - 6 scrolls of teleportation
 p - 2 scrolls of blinking
 x - 4 scrolls of identify
 G - 3 scrolls of recharging
Potions
 j - 2 potions of lignification
 l - 5 potions of agility
 o - 7 potions of might
 u - 6 potions of flight
 v - 3 potions of haste
 w - 3 potions of brilliance
 E - 4 potions of curing
 H - a potion of cancellation
 P - 2 potions of magic {unknown}
Miscellaneous
 D - a lamp of fire
 O - a fan of gales
 S - a phial of floods
Comestibles
 c - 7 bread rations
 t - a meat ration


   Skills:
 * Level 19.5 Fighting
 + Level 16.8 Axes
 * Level 19.5 Armour
 - Level 8.8 Dodging
 + Level 9.0 Shields


You had 15 spell levels left.
You didn't know any spells.

Dungeon Overview and Level Annotations

Branches:
Dungeon (12/15)            Temple (0/1) D:5            Lair (6/6) D:11
  Swamp (4/4) Lair:3       Spider (0/4) Lair:2        Slime (2/5) Lair:6
    Orc: D:9-12

Altars:
Qazlal
Sif Muna
Trog
Vehumet
Xom
Jiyva

Annotations:
Swamp:3 exclusion: ice statue


Innate Abilities, Weirdness & Mutations

You reflexively headbutt those who attack you in melee.
You have a pair of horns on your head.
You have extremely sharp teeth.
You are partially covered in slimy green scales. (AC +2)
You often lose your temper in combat.
Scrolls take you a little longer to read.
You are clumsy. (Dex -2)
Armour fits poorly on your strangely shaped body.
Your body often deteriorates upon taking damage.
You are dopey. (Int -2)
You occasionally shout uncontrollably at your foes.
Your movements are slightly less encumbered by armour. (ER -2)


Message History

You are splashed with acid!
The acid burns!
* * * LOW HITPOINT WARNING * * *
The great orb of eyes moves out of view.
You slash the acid blob! You freeze the acid blob.
Your hands burn!
* * * LOW HITPOINT WARNING * * *
Your bite misses the acid blob.
The acid blob is heavily wounded.
The acid blob barely misses you.
You hit the acid blob but do no damage.
Your hands burn!
* * * LOW HITPOINT WARNING * * *
The acid blob is heavily wounded.
You slash the acid blob! You freeze the acid blob. The acid corrodes you!
Your hands burn!
* * * LOW HITPOINT WARNING * * *
You headbutt the acid blob!
You bite the acid blob, but do no damage.
The acid blob is severely wounded.
The acid blob spits acid at you. The splash of acid hits you!
You die...

##.......#....#
#####.....#.###.###
##.#.......### ###
#...........#
####.......#...#
##.##....#.###.##
#...#...##.## ####
#......#...# #..#
#....@J...###....#....
##.....#.#.#..........
#.....................
##...................#
.###....................
.......#.##†....##.....
......#####......#...#
.......#.............#
#.............#....##


You could see an acid blob.

Vanquished Creatures
  A tentacled monstrosity (Swamp:3)
  2 acid blobs (Slime:1)
  3 thorn hunters
  An azure jelly (Lair:6)
  A frost giant (D:10)
  The ghost of amplicon the Grappler, a journeyman TrMo of Dithmenos (D:11)
  Snorg (Lair:5)
  A fire dragon (Lair:6)
  A great orb of eyes (Slime:1)
  Harold (D:9)
  29 hydras
  2 catoblepae
  An anaconda (Lair:6)
  3 two-headed ogres
  2 ghost crabs
  6 alligators
  5 death yaks (Lair:6)
  A spriggan berserker (Swamp:4)
  A spriggan druid (Swamp:3)
  11 swamp dragons
  3 shambling mangroves
  3 shining eyes
  A cyclops (D:12)
  2 ugly things (D:11)
  A manticore (Lair:6)
  6 elephants
  2 molten gargoyles (Lair:6)
  4 black mambas (Lair:6)
  2 torpor snails (Lair:6)
  A gargoyle (D:8)
  11 spiny frogs
  5 rime drakes
  11 komodo dragons
  A kobold demonologist (D:11)
  4 tyrant leeches
  3 trolls (D:10)
  14 slime creatures
  11 hornets
  12 bog bodies
  29 blink frogs
  7 dream sheep (Lair:6)
  13 hippogriffs
  6 spriggans
  2 shadows (Swamp:1)
  12 wyverns
  A vampire (D:10)
  75 yaks
  7 basilisks
  A hungry ghost (D:10)
  Grum (D:10)
  2 steam dragons (Lair:6)
  16 vampire mosquitoes
  Menkaure (D:6)
  19 swamp worms
  10 insubstantial wisps
  6 hell hounds (Lair:6)
  5 porcupines
  8 water moccasins
  A hornet zombie (D:12)
  3 black bears
  17 swamp drakes
  2 sky beasts
  2 eyes of draining
  2 necrophages
  10 orc warriors
  4 ice beasts
  8 ogres
  6 phantoms
  36 wolves
  3 centaurs
  16 crocodiles
  12 bullfrogs
  8 big kobolds
  5 scorpions
  12 killer bees
  6 wights
  3 howler monkeys (D:11)
  A centaur zombie (D:8)
  An electric eel (Lair:3)
  5 lava snakes (Lair:6)
  4 crimson imps
  3 bullfrog zombies
  A bullfrog skeleton (D:8)
  A centaur skeleton (D:7)
  18 orc wizards
  10 hounds
  2 jellies
  9 orc priests
  6 iguanas
  Ijyb (D:5)
  12 worker ants
  A killer bee zombie (D:5)
  A hound zombie (D:10)
  A hound skeleton (D:6)
  A howler monkey zombie (D:9)
  A worker ant zombie (D:5)
  12 adders
  9 gnolls
  5 shadow imps
  2 oozes
  3 adder skeletons
  7 worms
  3 dart slugs
  6 leopard geckos
  52 orcs
  6 ball pythons
  5 giant cockroaches
  11 goblins
  3 hobgoblins
  11 jackals
  32 kobolds
  3 bats
  2 frilled lizards
  A jackal skeleton (D:8)
  2 leopard gecko skeletons
  A leopard gecko zombie (D:5)
  A quokka skeleton (D:10)
  3 rats
  2 briar patches (Swamp:4)
  5 fungi
  A plant (Lair:1)
815 creatures vanquished.

Vanquished Creatures (collateral kills)
  Mara (Swamp:3)
  Erolcha (D:12)
  2 hydras
  2 alligators (Swamp:2)
  Sonja (D:11)
  A deep elf knight (D:10)
  A lindwurm (Lair:6)
  An ugly thing (D:11)
  A black mamba (Lair:6)
  A black mamba (shapeshifter) (D:11)
  A molten gargoyle (Lair:6)
  A troll (D:11)
  A bog body (Swamp:4)
  A swamp worm (Swamp:3)
  A porcupine (Lair:4)
  A wolf (Lair:4)
  A shadow imp (D:10)
  A fungus (Lair:4)
20 creatures vanquished.

Vanquished Creatures (others)
  4 briar patches (Swamp:4)
  11 fungi
  6 plants
  5 toadstools (Swamp:1)
26 creatures vanquished.

Grand Total: 861 creatures vanquished

Notes
Turn   | Place    | Note
-------+----------+-------------------------------------------
     0 | D:1      | Hook the Minotaur Berserker began the quest for the Orb.
     0 | D:1      | Reached XP level 1. HP: 19/19 MP: 0/0
   172 | D:1      | Reached XP level 2. HP: 16/27 MP: 1/1
   649 | D:2      | Reached XP level 3. HP: 21/33 MP: 2/2
  1017 | D:2      | Reached ** piety under Trog
  1645 | D:3      | Reached XP level 4. HP: 31/40 MP: 3/3
  1927 | D:3      | Reached XP level 5. HP: 47/47 MP: 4/4
  2002 | D:2      | Reached skill level 5 in Axes
  2544 | D:3      | Reached skill level 5 in Fighting
  3001 | D:4      | Reached *** piety under Trog
  3071 | D:4      | Reached XP level 6. HP: 56/56 MP: 5/5
  3240 | D:4      | Found a shimmering altar of Xom.
  3241 | D:4      | Found a shimmering altar of Xom.
  3242 | D:4      | Found a shimmering altar of Xom.
  3243 | D:4      | Found a shimmering altar of Xom.
  3246 | D:4      | Found a shimmering altar of Xom.
  3461 | D:4      | Reached skill level 5 in Armour
  3677 | D:5      | Entered Level 5 of the Dungeon
  3685 | D:5      | Noticed Ijyb
  3691 | D:5      | Killed Ijyb
  3803 | D:5      | Reached XP level 7. HP: 60/62 MP: 6/6
  3921 | D:5      | Found a stormy altar of Qazlal.
  4243 | D:5      | Reached **** piety under Trog
  4348 | D:5      | You fall through a shaft for 2 floors!
  4512 | D:7      | Reached XP level 8. HP: 64/71 MP: 7/7
  4803 | D:5      | Found a staircase to the Ecumenical Temple.
  5506 | D:6      | Reached skill level 5 in Dodging
  5796 | D:6      | Reached XP level 9. HP: 63/81 MP: 8/8
  5808 | D:6      | Noticed Menkaure
  5895 | D:6      | Killed Menkaure
  7335 | D:8      | Found a deep blue altar of Sif Muna.
  7394 | D:8      | Noticed a two-headed ogre
  7406 | D:8      | Killed a two-headed ogre
  7414 | D:8      | Reached ***** piety under Trog
  7414 | D:8      | Reached XP level 10. HP: 55/93 MP: 9/9
  7562 | D:8      | Reached skill level 10 in Fighting
  7562 | D:8      | Reached skill level 10 in Axes
  7650 | D:8      | Noticed a gargoyle
  7663 | D:8      | Killed a gargoyle
  7663 | D:8      | Reached skill level 10 in Armour
  8479 | D:9      | Received a gift from Trog
  9261 | D:10     | Entered Level 10 of the Dungeon
  9279 | D:10     | Noticed Harold
  9294 | D:9      | Killed Harold
  9937 | D:10     | Reached XP level 11. HP: 102/102 MP: 10/10
 10116 | D:10     | Noticed a two-headed ogre
 10123 | D:10     | Killed a two-headed ogre
 10626 | D:10     | Received a gift from Trog
 10751 | D:10     | Noticed a deep elf knight
 10751 | D:10     | Paralysed by a hornet for 3 turns
 10756 | D:10     | Paralysed by a hornet for 3 turns
 10764 | D:10     | Killed a deep elf knight
 11122 | D:10     | Noticed a frost giant
 11133 | D:10     | Killed a frost giant
 11488 | D:10     | Got a crystal hand axe
 11519 | D:10     | Identified the cursed +3 hand axe of the Trees {chop, -Tele rF+++ Int+2} (You found it on level 10 of the Dungeon)
 11562 | D:10     | Noticed Grum
 11571 | D:10     | Killed Grum
 11884 | D:11     | Noticed a brown ugly thing
 11892 | D:11     | Killed a brown ugly thing
 12217 | D:12     | Reached XP level 12. HP: 113/113 MP: 11/11
 12331 | D:11     | Noticed amplicon's ghost (journeyman TrMo)
 12767 | D:11     | Killed amplicon's ghost
 12938 | D:11     | Noticed a two-headed ogre
 12947 | D:11     | Killed a two-headed ogre
 13030 | D:11     | Noticed Sonja
 13186 | D:11     | Killed Sonja
 13186 | D:11     | Received a gift from Trog
 14012 | D:11     | Found a staircase to the Lair.
 14125 | D:11     | Gained mutation: You are partially covered in slimy green scales. (AC +2) [potion of mutation]
 14125 | D:11     | Gained mutation: You have very sharp teeth. [potion of mutation]
 14125 | D:11     | Gained mutation: Your movements are slightly less encumbered by armour. (ER -2) [potion of mutation]
 14125 | D:11     | Gained mutation: Your mind is acute. (Int +2) [potion of mutation]
 14544 | D:11     | Found a radiant altar of Vehumet.
 16376 | D:12     | Noticed Erolcha
 16383 | D:12     | Killed Erolcha
 16542 | Lair:1   | Entered Level 1 of the Lair of Beasts
 17797 | Lair:2   | Found a shimmering altar of Xom.
 18039 | Lair:2   | Found a hole to the Spider Nest.
 18303 | Lair:2   | Reached XP level 13. HP: 125/125 MP: 12/12
 18565 | Lair:2   | Got a smelly plate armour
 18605 | Lair:2   | Identified the +2 plate armour of Quantum Leap {rElec rC- Str+5} (You found it on level 2 of the Lair of Beasts)
 18923 | Lair:2   | Reached skill level 15 in Fighting
 19129 | Lair:3   | Reached skill level 15 in Armour
 19622 | Lair:3   | Received a gift from Trog
 19763 | Lair:3   | Found a staircase to the Swamp.
 21621 | Lair:5   | Reached XP level 14. HP: 127/137 MP: 13/13
 21736 | Lair:5   | Noticed Snorg
 21743 | Lair:5   | Killed Snorg
 21907 | Lair:5   | Reached skill level 1 in Shields
 22032 | Lair:6   | Entered Level 6 of the Lair of Beasts
 23354 | Lair:6   | Reached skill level 15 in Axes
 23681 | Lair:6   | Found a large runed door.
 23682 | Lair:6   | Found a large runed door.
 23687 | Lair:6   | Received a gift from Trog
 24037 | Lair:6   | Found a viscous altar of Jiyva.
 24078 | Lair:6   | Found a staircase to the Slime Pits.
 25242 | Lair:6   | Reached skill level 5 in Shields
 25251 | Slime:1  | Entered Level 1 of the Pits of Slime
 25251 | Slime:1  | Noticed an azure jelly
 25253 | Slime:1  | Lost mutation: Your mind is acute. (Int +2) [a shining eye]
 25254 | Slime:1  | Gained mutation: Armour fits poorly on your strangely shaped body. [a shining eye]
 25260 | Lair:6   | Killed an azure jelly
 25499 | Lair:6   | Gained mutation: You occasionally shout uncontrollably at your foes. [a shining eye]
 25500 | Lair:6   | Gained mutation: You have extremely sharp teeth. [a shining eye]
 25502 | Lair:6   | Gained mutation: You tend to lose your temper in combat. [a shining eye]
 25603 | Slime:1  | Noticed an acid blob
 25913 | Slime:1  | Killed an acid blob
 25913 | Slime:1  | Reached XP level 15. HP: 47/147 MP: 14/14
 26471 | Swamp:1  | Entered Level 1 of the Swamp
 27487 | Swamp:1  | Noticed a thorn hunter
 27495 | Swamp:1  | Killed a thorn hunter
 29544 | Swamp:2  | Found a bloodstained altar of Trog.
 30020 | Swamp:3  | Got a transparent robe
 30811 | Swamp:3  | Noticed Mara
 30812 | Swamp:3  | Noticed Hook's illusion
 30825 | Swamp:3  | Noticed Hook's illusion
 30836 | Swamp:3  | Killed Mara
 31507 | Swamp:3  | Noticed a thorn hunter
 31515 | Swamp:3  | Killed a thorn hunter
 31548 | Swamp:3  | Found a runed door.
 31548 | Swamp:3  | Noticed a tentacled monstrosity
 31721 | Swamp:3  | Killed a tentacled monstrosity
 31886 | Swamp:4  | Entered Level 4 of the Swamp
 32372 | Swamp:4  | Reached XP level 16. HP: 159/159 MP: 15/15
 32667 | Swamp:4  | Noticed a thorn hunter
 33100 | Swamp:4  | Killed a thorn hunter
 34041 | Swamp:4  | Got a decaying rune of Zot
 35241 | Slime:1  | Gained mutation: You are clumsy. (Dex -2) [a shining eye]
 35242 | Slime:1  | Gained mutation: Your body sometimes deteriorates upon taking damage. [a shining eye]
 35245 | Slime:1  | Gained mutation: Your body often deteriorates upon taking damage. [a shining eye]
 35247 | Slime:1  | Gained mutation: You are dopey. (Int -2) [a shining eye]
 35282 | Slime:1  | Gained mutation: You often lose your temper in combat. [a shining eye]
 35286 | Slime:1  | Gained mutation: Scrolls take you a little longer to read. [a shining eye]
 35356 | Slime:1  | Noticed an acid blob
 35367 | Slime:1  | Killed an acid blob
 35588 | Slime:1  | Noticed an acid blob
 35603 | Slime:1  | HP: 11/241 [acid (6)]
 35606 | Slime:1  | Killed from afar by an acid blob

Vault maps used:
D:1:      lightli_iron_boxes
D:3:      hangedman_decor_push
D:4:      first_bread, minmay_misc_feat_alley, xom_redecorated
D:5:      nicolae_qazlal_eye_of_the_storm, temple_hall, serial_curves,
          eino_curves_01, eino_curves_04, eino_curves_02, eino_curves_01,
          uniq_iyjb
D:6:      minmay_divided_ellipse, uniq_menkaure
D:8:      kennysheep_orc_sif_temple, the_bakery
D:10:     minmay_sliced_demisemicircle, uniq_harold, uniq_grum
D:11:     lair_entry_dummy, basic_altar, uniq_sonja
D:12:     erik_orc_2, uniq_erolcha
Lair:1:   cheibrodos_lair_caveside_slide
Lair:2:   nicolae_spider_entry_non_spiders, basic_altar, beast_lair_carwin_6,
          grunt_megastairs_4, serial_bayou_shore_b
Lair:3:   nicolae_swamp_entry_splash_gauntlet
Lair:4:   grunt_forest_large_clearings, grunt_megastairs_3,
          serial_bayou_shore_a, infiniplex_staircase_pool_2, lemuel_fruit_fields
Lair:5:   uniq_snorg
Lair:6:   cheibrodos_lair_end_hotspot, slime_altar_1, special_room
Swamp:1:  cheibrodos_swamp_tower_of_moss, evilmike_swamp_ruin_house_6,
          swamp_pool4
Swamp:2:  basic_altar, swamp_pool3
Swamp:3:  cheibrodos_swamp_sealed, portal_ice_cave_entry_ice_statue_one,
          hangedman_swamp_ruin_wall, uniq_mara
Swamp:4:  swamp_basic_johnstein

Skill      XL: |  1  2  3  4  5  6  7  8  9 10 11 12 13 14 15 16 |
---------------+-------------------------------------------------+-----
Axes           | 4 5 6 7 8 9 11 12 13 14 15 16 | 16.8
Fighting       | 4 5 6 8 9 11 12 14 16 17 18 19 | 19.5
Armour         | 3 4 5 6 8 9 11 12 14 16 17 18 19 | 19.5
Dodging        | 3 4 5 6 7 8 |  8.8
Shields        | 5 7 9 |  9.0

Action                   |  1- 3 |  4- 6 |  7- 9 | 10-12 | 13-15 | 16-18 || total
-------------------------+-------+-------+-------+-------+-------+-------++-------
Melee: Hand axe          |    85 |   115 |    55 |       |       |       ||   255
       Headbutt          |     8 |    25 |    59 |   123 |   223 |    66 ||   504
       War axe           |       |       |   265 |   229 |       |       ||   494
       Battleaxe         |       |       |       |   469 |   829 |   201 ||  1499
       Executioner's axe |       |       |       |    28 |       |       ||    28
       Bite              |       |       |       |    27 |   120 |    40 ||   187
Throw: Tomahawk          |       |       |    21 |    43 |     9 |     1 ||    74
       Throwing net      |       |       |       |     3 |     1 |     1 ||     5
Invok: Burn Spellbooks   |       |     2 |     2 |     2 |     1 |     1 ||     8
       Berserk           |       |     1 |     1 |     8 |    14 |     5 ||    29
       Trog's Hand       |       |       |     1 |     1 |     4 |     3 ||     9
       Brothers in Arms  |       |       |       |     6 |     8 |     3 ||    17
Evoke: Wand              |       |       |       |       |    14 |       ||    14
       Lamp of fire      |       |       |       |       |     1 |       ||     1
       Fan of gales      |       |       |       |       |     1 |       ||     1
       Phial of floods   |       |       |       |       |     1 |       ||     1
  Use: Scroll            |       |     9 |     1 |    12 |    12 |     2 ||    36
       Potion            |       |       |       |     9 |    10 |     6 ||    25
 Stab: Paralysed         |       |       |       |       |     5 |       ||     5
       Distracted        |       |       |       |       |       |     2 ||     2
  Eat: Chunk             |     1 |     3 |     5 |    20 |    13 |     5 ||    47
       Royal jelly       |     1 |       |     1 |     1 |     2 |     1 ||     6
       Bread ration      |       |     1 |     1 |     2 |     4 |     1 ||     9
       Meat ration       |       |       |     1 |     2 |     5 |       ||     8
       Fruit             |       |       |       |     4 |    10 |       ||    14
Armor: Leather armour    |    12 |     8 |       |       |       |       ||    20
       Animal skin       |     1 |       |       |       |       |       ||     1
       Chain mail        |       |    43 |    62 |       |       |       ||   105
       Plate armour      |       |       |   121 |   478 |   605 |   145 ||  1349
Dodge: Dodged            |    47 |    44 |   141 |   381 |   645 |   138 ||  1396
